 Dungeon Crawl Stone Soup version 0.31-a0-157-g0643eb4156 (webtiles) character file.

Game seed: 3592331466660742603

81 qw the Shooter (level 4, -4/40 HPs)
             Began as a Naga Hunter on June 12, 2023.
             Slain by a gnoll
             ... wielding a +0 halberd
              (8 damage)
             ... on level 2 of the Dungeon.
             The game lasted 00:00:28 (1141 turns).

qw the Shooter (Naga Hunter)                        Turns: 1141, Time: 00:00:29

Health: -4/40      AC:  3    Str: 13    XL:     4   Next: 42%
Magic:  4/4        EV:  9    Int: 10    God:
Gold:   95         SH:  0    Dex: 16    Spells: 3/3 levels left

rFire   . . .        d - +2 sling (heavy)
rCold   . . .        (no shield)
rNeg    . . .        c - +0 leather armour
rPois   +            (no helmet)
rElec   .            (no cloak)
rCorr   .            f - +0 pair of gloves
SInv    +            (no barding)
Will    .....        (no amulet)
Stlth   ++           (no ring)
HPRegen 0.26/turn    (no ring)
MPRegen 0.09/turn

%: no passive effects
@: very slow
A: AC +1, large, see invisible, deformed body, poison resistance, slowness 2,
spit poison 1, naga tail 1
a: Spit Poison


You were on level 2 of the Dungeon.
You visited 1 branch of the dungeon, and saw 2 of its levels.

You collected 95 gold pieces.


Innate Abilities, Weirdness & Mutations

Your serpentine skin is tough. (AC +1)
You have supernaturally acute eyesight. (SInv)
Armour fits poorly on your strangely shaped body.
Your system is resistant to poisons. (rPois)
You cover ground very slowly.
You can spit poison.
You have a snake-like lower body.


   Skills:
 + Level 2.4 Fighting
 - Level 5.0 Ranged Weapons
 - Level 1.5 Dodging
 - Level 1.5 Stealth


You had 3 spell levels left.
You didn't know any spells.
Your spell library was empty.

Inventory:

Hand Weapons
 d - a +2 heavy sling (weapon)
Armour
 c - a +0 leather armour (worn)
 f - a +0 pair of gloves (worn)
Jewellery
 a - an amulet of reflection
 b - a ring of ice
Scrolls
 g - a scroll of identify
 i - a scroll of acquirement {unknown}
Potions
 e - 2 potions of curing {unknown}
 h - a potion of might {unknown}

Dungeon Overview and Level Annotations

Branches:
Dungeon (2/15)

Altars:


Message History

The gnoll is moderately wounded.
The gnoll shouts!
You hear a shout!
A gnoll comes into view. It is wielding a +0 whip.
A gnoll comes into view. It is wielding a +0 halberd.
You hear a shout!
You shoot a sling bullet. The gnoll shouts!
The sling bullet hits the gnoll.
The gnoll is severely wounded.
A hobgoblin comes into view.
You shoot a sling bullet.
The sling bullet hits the gnoll but does no damage.
The gnoll is almost dead.
You have got your breath back.
You kill the gnoll!
1137 ||| INVOKING Spit Poison.
Aiming: Spit Poison (1% risk of failure)
Press: ? - help, Shift-Dir - straight line, f - hobgoblin The splash of poison misses the hobgoblin.
The splash of poison hits the gnoll.
The gnoll is poisoned.
The gnoll is moderately wounded.
You shoot a sling bullet.
The sling bullet barely misses the hobgoblin.
The gnoll hits you from afar with a +0 halberd.
The hobgoblin hits you.
You shoot a sling bullet. The sling bullet hits the hobgoblin!
You kill the hobgoblin!
The gnoll hits you from afar with a +0 halberd! x2
The gnoll hits you with a +0 whip.
You shoot a sling bullet.
The sling bullet completely misses the gnoll.
The gnoll completely misses you. The gnoll closely misses you.
The gnoll hits you from afar with a +0 halberd.
The gnoll hits you with a +0 whip.
You shoot a sling bullet. The sling bullet hits the gnoll!
You kill the gnoll!
You have got your breath back.
The gnoll hits you from afar with a +0 halberd!
You die...

........#
........#
........#
........#
#######
.......
.......
.).g####
#####..
#)....# ###
#.@...# #
#.....# #
#.....# #
#.....#####
#
#...%.'.^.#
#.....###.#
####### #.#
#.# #.#


You could see a gnoll.

Vanquished Creatures
  2 gnolls (D:2)
  3 adders (D:2)
  A worm (D:2)
  A dart slug (D:1)
  5 endoplasms
  6 goblins
  3 hobgoblins
  6 kobolds
  2 quokkas (D:2)
  3 ball pythons (D:2)
  A bat (D:2)
  2 frilled lizards (D:2)
  4 rats
39 creatures vanquished.

Notes
Turn   | Place    | Note
-------+----------+-------------------------------------------
     0 | D:1      | qw the Naga Hunter began the quest for the Orb.
     0 | D:1      | Reached XP level 1. HP: 19/19 MP: 1/1
     0 | D:1      | 0 ||| qw: Version: 0.2-a-29-gc1b59c4
     0 | D:1      | 0 ||| qw: Game counter: 4106
     0 | D:1      | 0 ||| qw: Always use a shield: true
     0 | D:1      | 0 ||| qw: God list: Okawaru
     0 | D:1      | 0 ||| qw: Allow faded altars: false
     0 | D:1      | 0 ||| qw: Do Orc after D:15 true
     0 | D:1      | 0 ||| qw: Do second Lair branch before Depths: true
     0 | D:1      | 0 ||| qw: Lair rune preference: random
     0 | D:1      | 0 ||| qw: Plans: Normal
     0 | D:1      | 0 ||| PLANNING D:1-11
    15 | D:1      | Noticed a minotaur skeleton
    42 | D:1      | 42 ||| INVOKING Spit Poison.
    65 | D:1      | 65 ||| INVOKING Spit Poison.
    71 | D:1      | 71 ||| INVOKING Spit Poison.
   183 | D:1      | Found a faded altar of an unknown god.
   189 | D:1      | 189 ||| INVOKING Spit Poison.
   194 | D:1      | 194 ||| INVOKING Spit Poison.
   206 | D:1      | 206 ||| INVOKING Spit Poison.
   306 | D:1      | Reached skill level 4 in Ranged Weapons
   306 | D:1      | Reached XP level 2. HP: 26/26 MP: 2/2
   307 | D:1      | 307 ||| INVOKING Spit Poison.
   493 | D:1      | 493 ||| UPGRADING to +0 pair of gloves.
   498 | D:1      | 498 ||| READING scroll labelled VOOFUN MASATU.
   499 | D:1      | 499 ||| READING scroll labelled YMIONO JEGEHE.
   500 | D:1      | 500 ||| READING scroll labelled XUISESETHRY.
   503 | D:1      | 503 ||| DROPPING scroll of butterflies.
   511 | D:2      | 511 ||| INVOKING Spit Poison.
   540 | D:2      | 540 ||| INVOKING Spit Poison.
   544 | D:2      | 544 ||| INVOKING Spit Poison.
   552 | D:2      | 552 ||| Stepping ~*~*~tactically~*~*~ (outnumbered).
   553 | D:2      | 553 ||| INVOKING Spit Poison.
   559 | D:2      | 559 ||| INVOKING Spit Poison.
   563 | D:2      | Reached XP level 3. HP: 23/32 MP: 3/3
   565 | D:2      | 565 ||| INVOKING Spit Poison.
   571 | D:2      | 571 ||| INVOKING Spit Poison.
   635 | D:2      | 635 ||| INVOKING Spit Poison.
   639 | D:2      | 639 ||| INVOKING Spit Poison.
   643 | D:2      | 643 ||| INVOKING Spit Poison.
   649 | D:2      | 649 ||| INVOKING Spit Poison.
   653 | D:2      | 653 ||| INVOKING Spit Poison.
   686 | D:2      | 686 ||| INVOKING Spit Poison.
   691 | D:2      | 691 ||| INVOKING Spit Poison.
   693 | D:2      | Reached skill level 5 in Ranged Weapons
   693 | D:2      | Reached XP level 4. HP: 27/39 MP: 4/4
   751 | D:2      | 751 ||| SWAPPING to +2 heavy sling.
   752 | D:2      | 752 ||| DROPPING +0 shortbow.
   871 | D:2      | 871 ||| INVOKING Spit Poison.
  1091 | D:2      | 1091 ||| INVOKING Spit Poison.
  1095 | D:2      | 1095 ||| INVOKING Spit Poison.
  1098 | D:2      | 1098 ||| INVOKING Spit Poison.
  1134 | D:2      | 1134 ||| INVOKING Spit Poison.
  1137 | D:2      | 1137 ||| INVOKING Spit Poison.
  1139 | D:2      | HP: 10/40 [gnoll/+0 whip (5)]
  1140 | D:2      | HP: 4/40 [gnoll/+0 whip (4)]
  1141 | D:2      | Slain by a gnoll

Levels and vault maps discovered:
D:1:      shiori_arrival_whats_in_store_for_you, layout_rooms,
          ebering_ecumenical_altar_box
D:2:      layout_basic, minmay_vboxes

Skill      XL: |  1  2  3 |
---------------+----------+-----
Ranged Weapons | 4 5 |  5.0
Fighting       | |  2.4
Dodging        | |  1.5
Stealth        | |  1.5

Action                     |  1- 3 |  4- 6 || total
---------------------------+-------+-------++-------
   Fire: Shortbow          |    73 |       ||    73
         Sling             |       |    16 ||    16
Ability: Spit Poison       |    21 |     6 ||    27
    Use: Scroll            |     3 |       ||     3
 Armour: Leather armour    |     9 |       ||     9
  Dodge: Dodged            |    25 |     5 ||    30

Table legend:
 A = Non-vault XP
 B = Vault XP
 C = Vault XP percentage of total XP
 D = Non-vault monster count
 E = Vault monster count
 F = Vault count percentage of total count
                 A         B        C        D         E       F
            +---------+---------+-------+---------+---------+-------
      Total |     110 |      21 |  16.0 |      33 |       6 |  15.4
            +---------+---------+-------+---------+---------+-------
        D:1 |      22 |       0 |   0.0 |      11 |       0 |   0.0
        D:2 |      88 |      21 |  19.3 |      22 |       6 |  21.4
            +---------+---------+-------+---------+---------+-------
